 Dungeon Crawl Stone Soup version 0.30-a0-883-g5ad918d77d (webtiles) character file.

Game seed: 6316997789956839785

209 jasper the Trooper (level 5, 0/41 HPs)
             Began as a Demonspawn Wanderer on Mar 17, 2023.
             Slain by a sleepcap (4 damage)
             ... on level 5 of the Dungeon.
             The game lasted 00:11:09 (3208 turns).

jasper the Trooper (Demonspawn Wanderer)            Turns: 3208, Time: 00:11:09

Health: 0/41       AC:  4    Str: 24    XL:     5   Next: 55%
Magic:  8/8        EV: 11    Int: 16    God:
Gold:   107        SH:  0    Dex: 12    Spells: 4/8 levels left

rFire   . . .      SeeInvis .    u - +1 spear
rCold   . . .      Faith    .    (no shield)
rNeg    . . .      Spirit   .    e - +0 robe
rPois   .          Reflect  .    (helmet restricted)
rElec   .          Rampage  .    o - +1 cloak
rCorr   .                        (no gloves)
Will    .....                    (no boots)
Stlth   +                        (no amulet)
HPRegen 0.26/turn                k - +6 ring of strength
MPRegen 0.22/turn                n - +6 ring of strength

@: flying
A: antennae 2, ignite blood 1, magic regeneration
a: no special abilities


You were on level 5 of the Dungeon.
You visited 1 branch of the dungeon, and saw 5 of its levels.

You collected 107 gold pieces.

Inventory:

Hand Weapons
 a - a +0 dagger
 h - a +0 short sword
 u - a +1 spear (weapon)
Missiles
 b - 8 poisoned darts
 l - 38 stones (quivered)
 m - 2 atropa-tipped darts
Armour
 e - a +0 robe (worn)
 j - a +0 ring mail
 o - a +1 cloak (worn)
 y - an orb of guile
Magical Staves
 i - a staff of death
Jewellery
 k - a +6 ring of strength (left hand)
 n - a +6 ring of strength (right hand)
 r - a ring of ice
 v - a ring of protection from fire
 x - a +5 ring of evasion
Wands
 s - a wand of polymorph (2)
Potions
 c - 7 potions of curing
 f - 5 potions of attraction
 p - 3 potions of heal wounds
 t - a potion of experience {unknown}
 z - a potion of might {unknown}


   Skills:
 - Level 3.3 Fighting
 - Level 2.6 Throwing
 - Level 1.0 Unarmed Combat
 - Level 2.1 Spellcasting
 * Level 2.7 Conjurations
 - Level 2.6 Translocations
 * Level 2.4 Earth Magic


You had 4 spell levels left.
You knew the following spells:

 Your Spells              Type           Power      Damage    Failure   Level
a - Apportation           Tloc           20%        N/A       7%          1
b - Stone Arrow           Conj/Erth      20%        3d8       22%         3

Your spell library contained the following spells:

 Spells                   Type           Power      Damage    Failure   Level
 Lesser Beckoning         Tloc           20%        N/A       11%         2
 Momentum Strike          Conj/Tloc      20%        3d8       11%         2
 Dazzling Flash           Conj/Hex       12%        N/A       34%         3
 Iskenderun's Mystic Bla  Conj/Tloc      10%        2d4       56%         4
 Animate Armour           Summ/Erth      10%        N/A       77%         4
 Starburst                Conj/Fire      3%         6d3       100%        6
 Lehudib's Crystal Spear  Conj/Erth      5%         10d3      100%        8


Dungeon Overview and Level Annotations

Branches:
Dungeon (5/15)
 Temple: D:4-7

Altars:
Ashenzari
Yredelemnul

Shops:
D:2 (

Annotations:
D:3 Grinder
D:4 Duvessa


Innate Abilities, Weirdness & Mutations

You have a pair of antennae on your head.
Your demonic aura sometimes causes spilled blood to erupt in flames.
You regenerate magic rapidly.


Message History

A yak comes into view.
The yak bellows!
A sleepcap comes into view.
A yak comes into view. x2
Okay, then.
You open the door.
There is an open door here.
The yak attacks as you move away! The yak gores you.
You take 5 damage, and have 36/41 hp.
Blink to where?
Press: ? - help, Dir - move target 2 yaks come into view.
As you read the scroll of blinking, it crumbles to dust.
The yak bellows! x2
The yak attacks as you move away! The yak barely misses you.
You barely miss the yak.
The yak barely misses you. x2; The yak gores you!
You take 8 damage, and have 29/41 hp.
As you open the door, it creaks loudly!
An ogre comes into view. It is wielding a +0 giant club.
The ogre shouts!
The yak gores you but does no damage. The yak misses you. The yak gores you.
You take 4 damage, and have 25/41 hp.
The sleepcap attacks as you move away! The sleepcap closely misses you.
The yak gores you!
There is an open door, spattered with blood here.
You take 6 damage, and have 19/41 hp.
The yak attacks as you move away! The yak gores you!
* * * LOW HITPOINT WARNING * * *
The sleepcap attacks as you move away!
The sleepcap releases spores at you but does no damage.
The sleepcap is engulfed in blazing flames.
You take 9 damage, and have 10/41 hp.
MASSIVE DAMAGE!!
You aren't carrying any scrolls.
Unknown command.
Okay, then.
You feel very buoyant.
You fly up into the air.
The ogre hits you with a +0 giant club.
* * * LOW HITPOINT WARNING * * *
The sleepcap is engulfed in blazing flames.
The sleepcap releases spores at you.
You die...

#.....# #.....########
#.....##.....#
##'######.....#
#.......#.....#
#.......+.....#
#.......#.....#
#......Y#.O...###
#.....YYf@.......
#......Y#........
#.......#........
#.......########.
#..............######
#...................#
#...................##.
#......................
#.......#######........


You could see 4 yaks, an ogre and a sleepcap.

Vanquished Creatures
  A phantom (D:5)
  A hound (D:5)
  Robin (D:3)
  3 adders
  A worm (D:3)
  5 endoplasms
  A giant cockroach (D:1)
  15 goblins
  6 hobgoblins
  3 jackals (D:1)
  3 quokkas
  3 ball pythons
  4 bats
  A frilled lizard (D:3)
  5 kobolds
  2 rats
  A spectral orc (D:5)
56 creatures vanquished.

Notes
Turn   | Place    | Note
-------+----------+-------------------------------------------
     0 | D:1      | jasper the Demonspawn Wanderer began the quest for the Orb.
     0 | D:1      | jasper set off with the following items: a +0 dagger, 11
                  | poisoned darts, a potion of curing, a scroll of blinking, a
                  | +0 robe; and the following spell memorised: Apportation;
                  | and the following spells available to memorise: Lesser
                  | Beckoning, Momentum Strike.
     0 | D:1      | Reached XP level 1. HP: 16/16 MP: 2/2
   423 | D:1      | Gained mutation: You have a pair of small antennae on your
                  | head. [demonic ancestry]
   423 | D:1      | Reached XP level 2. HP: 15/23 MP: 3/3
   647 | D:1      | Reached skill level 3 in Fighting
  1272 | D:2      | Gained mutation: You have a pair of antennae on your head.
                  | [demonic ancestry]
  1272 | D:2      | Reached XP level 3. HP: 29/29 MP: 3/5
  1277 | D:2      | Learned a level 3 spell: Stone Arrow
  1373 | D:2      | Found Toluej's Weapon Shoppe.
  1939 | D:3      | Found a broken altar of Ashenzari.
  2312 | D:3      | Noticed Robin
  2333 | D:4      | Reached skill level 1 in Conjurations
  2355 | D:4      | Reached skill level 1 in Earth Magic
  2355 | D:4      | Gained mutation: You regenerate magic rapidly. [demonic
                  | ancestry]
  2355 | D:4      | Reached XP level 4. HP: 20/35 MP: 6/6
  2511 | D:4      | Noticed Duvessa
  2650 | D:3      | Killed Robin
  3010 | D:3      | Noticed Grinder
  3037 | D:5      | Entered Level 5 of the Dungeon
  3055 | D:5      | Found a basalt altar of Yredelemnul.
  3159 | D:5      | Noticed a phantom
  3167 | D:5      | Killed a phantom
  3168 | D:5      | Gained mutation: Your demonic aura sometimes causes spilled
                  | blood to erupt in flames. [demonic ancestry]
  3168 | D:5      | Reached XP level 5. HP: 39/41 MP: 8/8
  3179 | D:5      | Noticed a yak
  3181 | D:5      | Noticed a yak
  3181 | D:5      | Noticed a yak
  3202 | D:5      | Noticed a yak
  3202 | D:5      | Noticed a yak
  3205 | D:5      | Noticed an ogre
  3208 | D:5      | Slain by a sleepcap

Illustrated notes

Levels and vault maps discovered:
D:1:      kennysheep_arrival_forest, layout_basic, minivault_11
D:2:      layout_rooms, basic_altar, serial_shops,
          nicolae_shop_advertising_works [nicolae_subvault_shop_adworks]
D:3:      layout_loops_corners, ashenzari_altar_1, wad_floor_pattern_untrapped,
          chequers_serial_rivers_room_a, minmay_misc_feat_chi, uniq_sigmund,
          uniq_grinder, uniq_robin
D:4:      layout_rooms, uniq_duvessa, uniq_menkaure, uniq_edmund, uniq_eustachio
D:5:      layout_gridville, yredelemnul_forgotten_temple_becter,
          minmay_temple_entry_enclosed_plants

Skill      XL: |  1  2  3  4 |
---------------+-------------+-----
Fighting       | 3 |  3.3
Conjurations   | 1 2 |  2.7
Earth Magic    | 1 2 |  2.4
Spellcasting   | 2 |  2.1
Throwing       | |  2.6
Unarmed Combat | |  1.0
Translocations | |  2.6

Action                     |  1- 3 |  4- 6 || total
---------------------------+-------+-------++-------
  Melee: Short sword       |    63 |       ||    63
         Punch             |     2 |       ||     2
         Dagger            |     1 |       ||     1
         Spear             |    81 |    40 ||   121
  Throw: Dart              |    46 |     9 ||    55
         Stone             |       |     9 ||     9
  Evoke: Wand              |       |    18 ||    18
    Use: Scroll            |     9 |     5 ||    14
         Potion            |       |     1 ||     1
 Armour: Ring mail         |    50 |       ||    50
         Robe              |    14 |    18 ||    32
  Dodge: Dodged            |    68 |    26 ||    94

Table legend: (Time is in decaauts)
 A = Elapsed time spent in this place.
 B = Non-inter-level travel time spent in this place.
 C = Inter-level travel time spent in this place.
 D = Time resting spent in this place.
 E = Time spent auto-exploring this place.
 F = Levels seen in this place.
 G = Mean time per level.
                   A        B        C        D        E       F      G
               +--------+--------+--------+--------+--------+-----+--------+
         Total |   3211 |   3065 |    146 |    469 |   1228 |   5 |  642.2 |
       Dungeon |   3211 |   3065 |    146 |    469 |   1228 |   5 |  642.2 |
               +--------+--------+--------+--------+--------+-----+--------+

Top non-repeatable levels by time:
     D:1: 1097 daAuts
     D:3: 1032 daAuts
     D:2: 656 daAuts
     D:4: 254 daAuts
     D:5: 172 daAuts
